 Dungeon Crawl Stone Soup version 0.31.0-9-g3a7656b989 (webtiles) character file.

Game seed: 15356104258638652459

1107 Heoruswealwe the Thaumaturge (level 8, -1/41 HPs)
             Began as a Deep Elf Conjurer on Jan 31, 2024.
             Shot with an arrow by a centaur (13 damage)
             ... on level 5 of the Dungeon.
             The game lasted 00:42:46 (3684 turns).

Heoruswealwe the Thaumaturge (Deep Elf Conjurer)    Turns: 3684, Time: 00:42:48

Health: -1/41      AC:  3    Str:  4    XL:     8   Next: 11%
Magic:  20/23      EV: 12    Int: 32    God:
Gold:   227        SH:  0    Dex: 13    Spells: 14/25 levels left

rFire   . . .        b - +0 scimitar
rCold   . . .        (no shield)
rNeg    . . .        c - +0 robe
rPois   +            g - +0 helmet
rElec   .            (no cloak)
rCorr   .            (no gloves)
SInv    .            (no boots)
Will    .....        i - amulet of magic regeneration
Stlth   ++           k - ring of poison resistance
HPRegen 0.26/turn    j - +6 ring of intelligence
MPRegen 0.58/turn

%: no passive effects
@: no status effects
A: no striking features
a: no special abilities


You were on level 5 of the Dungeon.
You visited 1 branch of the dungeon, and saw 5 of its levels.

You collected 227 gold pieces.

Inventory:

Hand Weapons
 a - a +1 dagger of venom
 b - a +0 scimitar (weapon)
Armour
 c - a +0 robe (worn)
 e - a +0 robe
 g - a +0 helmet (worn)
 o - a +0 robe
 y - a +0 robe
 A - a +0 robe
 F - a +0 robe
Jewellery
 i - an amulet of magic regeneration (around neck)
 j - a +6 ring of intelligence (right hand)
 k - a ring of poison resistance (left hand)
 p - the ring of Qoczabbo {Wiz ^Contam rPois Will+++ Str-4}
   (You found it on level 2 of the Dungeon)

   [ring of wizardry]

   Wiz:       It improves your spell success rate.
   Str-4:     It affects your strength (-4).
   rPois:     It protects you from poison Will+++: It greatly increases your
   willpower.
   ^Contam:   It causes magical contamination when unequipped.
Talismans
 n - a maw talisman
 C - a beast talisman
Wands
 m - a wand of polymorph (11)
 w - a wand of mindburst (20)
 G - a wand of roots (9)
Scrolls
 d - 2 scrolls of teleportation {unknown}
 f - a scroll of immolation {unknown}
 h - 2 scrolls of amnesia {unknown}
 q - a scroll of acquirement {unknown}
 r - a scroll of noise {unknown}
 t - a scroll of blinking {unknown}
 u - a scroll of torment {unknown}
 v - a scroll of revelation {unknown}
 x - 2 scrolls of poison {unknown}
 B - 2 scrolls of fear {unknown}
Potions
 l - 2 potions of lignification
 s - a potion of invisibility
 z - a potion of magic
 D - a potion of attraction {unknown}
 E - a potion of cancellation


   Skills:
 - Level 2.4 Dodging
 - Level 2.4 Stealth
 + Level 9.3 Spellcasting
 + Level 8.6 Conjurations


You had 14 spell levels left.
You knew the following spells:

 Your Spells              Type           Power      Damage    Failure   Level
a - Magic Dart            Conj           100%       1d8       1%          1
b - Searing Ray           Conj           100%       2d8       1%          2
c - Fulminant Prism       Conj/Alch      21%        3d12      5%          4
d - Iskenderun's Mystic   Conj/Tloc      42%        2d10      5%          4

Your spell library contained the following spells:

 Spells                   Type           Power      Damage    Failure   Level
 Summon Forest            Summ/Tloc      7%         N/A       65%         5
 Summon Mana Viper        Hex/Summ       14%        N/A       65%         5
 Summon Cactus Giant      Summ           7%         N/A       99%         6


Dungeon Overview and Level Annotations

Branches:
Dungeon (5/15)
 Temple: D:4-7

Altars:
Kikubaaqudgha
Yredelemnul

Shops:
D:3 =


Message History

The searing ray hits fly's ghost!
Fly's ghost is almost destroyed.
The searing ray hits fly's ghost!
You destroy fly's ghost!
Your Spellcasting skill increases to level 9!
You have reached level 8!
You feel clever.
You enter the shallow water.
Moving in this stuff is going to be slow.
You see here 6 boomerangs.
You now have 227 gold pieces (gained 12).
You enter the shallow water.
Moving in this stuff is going to be slow.
There is an open translucent door here.
A centaur comes into view.
The centaur shouts!
The centaur wields a +0 orcbow.
The centaur shoots an arrow.
The arrow hits you.
The centaur shoots an arrow.
The arrow barely misses you.
Casting: Searing Ray (safe; 1% risk of failure)
Confirm with . or Enter, or press ? or * to list all spells.
Aiming: Searing Ray (safe; 1% risk of failure)
Press: ? - help, Shift-Dir - straight line, f - centaur
Aim: a centaur, wielding a +0 orcbow (90% to hit)
The searing ray hits the centaur!
The centaur is moderately wounded. (Press . to maintain the ray.)
The centaur shoots an arrow.
The arrow hits you.
The searing ray hits the centaur.
The centaur is heavily wounded.
The centaur shoots an arrow.
The arrow misses you.
The centaur shoots an arrow.
The arrow hits you!
The searing ray hits the centaur.
The centaur is severely wounded.
The searing ray hits the centaur.
The centaur is almost dead.
You finish channelling your searing ray.
The centaur shoots an arrow.
The arrow hits you!
* * * LOW HITPOINT WARNING * * *
The centaur shoots an arrow.
The arrow hits you!
You die...

### ### #.# #.#
####.## #.# #..#..##
#.# .#####.###
###.## ##
##..###....### #. #
##.....#....#### .#
##..####......####.#
#..## ##@.........
#..# #..........
##.## #.........##
#..# #c.........##
#..# #........)..#
## # ##.##
#...####....#####.
#### #..########.###
####.......
...###..#.....#..#
#.).....
........'~~~~(#
.##########......


You could see a centaur.

Vanquished Creatures
  The ghost of fly the Covert, a novice KoDe of Uskayaw (D:5)
  A steam dragon (D:5)
  A black bear (D:5)
  A jelly (D:3)
  3 bombardier beetles
  7 hounds
  A gnoll bouda (D:5)
  A sleepcap (D:4)
  Jessica (D:2)
  Ijyb (D:3)
  Robin (D:3)
  3 gnolls (D:5)
  7 adders
  3 ribbon worms
  11 orcs
  6 ball pythons
  3 endoplasms
  2 giant cockroaches
  15 goblins
  7 hobgoblins
  4 jackals (D:1)
  3 quokkas
  6 bats
  5 frilled lizards
  6 kobolds
  3 rats
103 creatures vanquished.

Notes
Turn   | Place    | Note
-------+----------+-------------------------------------------
     0 | D:1      | Heoruswealwe the Deep Elf Conjurer began the quest for the
                  | Orb.
     0 | D:1      | Reached XP level 1. HP: 10/10 MP: 6/6
   216 | D:1      | Reached XP level 2. HP: 15/15 MP: 5/8
   219 | D:1      | Learned a level 2 spell: Searing Ray
   684 | D:2      | Noticed Jessica
   691 | D:2      | Reached skill level 4 in Spellcasting
   691 | D:2      | Killed Jessica
   692 | D:2      | Reached skill level 5 in Conjurations
   692 | D:2      | Reached XP level 3. HP: 19/19 MP: 4/10
   899 | D:2      | Identified the ring of Qoczabbo {Wiz ^Contam rPois Will+++
                  | Str-4}
   922 | D:2      | Reached XP level 4. HP: 24/24 MP: 9/12
  1311 | D:3      | Noticed Robin
  1319 | D:3      | Killed Robin
  1322 | D:3      | Reached skill level 5 in Spellcasting
  1421 | D:3      | Reached XP level 5. HP: 9/28 MP: 7/14
  1426 | D:3      | Learned a level 4 spell: Fulminant Prism
  1431 | D:3      | Learned a level 4 spell: Iskenderun's Mystic Blast
  1590 | D:3      | Found a basalt altar of Yredelemnul.
  1649 | D:3      | Found an ancient bone altar of Kikubaaqudgha.
  1794 | D:3      | Found Onimode's Jewellery Shoppe.
  1841 | D:3      | Noticed Ijyb
  1847 | D:3      | Killed Ijyb
  2028 | D:4      | Reached skill level 6 in Spellcasting
  2076 | D:4      | Reached XP level 6. HP: 32/32 MP: 13/17
  2189 | D:4      | Reached skill level 7 in Spellcasting
  2509 | D:5      | Entered Level 5 of the Dungeon
  2643 | D:5      | Noticed a steam dragon
  2655 | D:5      | Killed a steam dragon
  2656 | D:5      | Reached XP level 7. HP: 8/36 MP: 13/20
  2967 | D:5      | Reached skill level 8 in Spellcasting
  3620 | D:5      | Found a runed translucent door.
  3625 | D:5      | Noticed fly's ghost (novice KoDe)
  3638 | D:5      | Killed fly's ghost
  3639 | D:5      | Reached skill level 9 in Spellcasting
  3639 | D:5      | Reached XP level 8. HP: 41/41 MP: 10/23
  3684 | D:5      | Shot with an arrow by a centaur

Illustrated notes

Levels and vault maps discovered:
D:1:      grunt_arrival_lava_bath, layout_basic
D:2:      layout_basic, uniq_jessica
D:3:      layout_basic, nicolae_kikubaaqudgha_miasma_corner,
          mainiacjoe_overflow_surrounded_room, serial_shops,
          nicolae_shop_rolling_square, uniq_ijyb, uniq_robin
D:4:      layout_rooms
D:5:      layout_layer_cave, ebering_ghost_reflecting_pool, nicolae_sextant

Skill      XL: |  1  2  3  4  5  6  7 |
---------------+----------------------+-----
Spellcasting   | 4 5 6 7 9 |  9.3
Conjurations   | 5 6 7 8 |  8.6
Dodging        | |  2.4
Stealth        | |  2.4

Action                     |  1- 3 |  4- 6 |  7- 9 || total
---------------------------+-------+-------+-------++-------
  Melee: Unarmed           |     1 |       |       ||     1
         Scimitar          |       |       |     4 ||     4
   Cast: Magic Dart        |    46 |   129 |    15 ||   190
         Searing Ray       |     3 |    21 |     9 ||    33
         Iskenderun's Myst |       |       |     2 ||     2
    Use: Scroll            |       |     5 |       ||     5
         Potion            |       |     3 |     1 ||     4
   Stab: Sleeping          |     1 |       |       ||     1
 Armour: Robe              |     5 |    22 |    14 ||    41
         Skin              |       |     3 |     1 ||     4
  Dodge: Dodged            |     2 |    28 |     6 ||    36
